Kings vs Oilers
Created - 23 avril 2013 at 19:14
Goals
|
| Kings |
2 |
0 |
0 |
2 |
| Oilers |
0 |
2 |
1 |
3 |
|
Shots
|
| Kings |
11 |
12 |
9 |
32 |
| Oilers |
6 |
19 |
7 |
32 |
|
1st period
1. Kings , Danny Richmond 6 (Jarome Iginla, Jay Bouwmeester) at 15:15
2. Kings , Daymond Langkow 20 (Jay Bouwmeester) at 15:23
Penalties :
No Penalty
2nd period
3. Oilers , Joe Pavelski 27 (Pavel Datsyuk, Steve Montador) at 10:03 (PP)
4. Oilers , Jonathan Toews 16 (Joe Pavelski, Steve Montador) at 12:12
Penalties :
Daymond Langkow (LAK) for Slashing (Minor) at 0:13, Guillaume Latendresse (LAK) for High sticking (Minor) at 8:24, Joe Pavelski (Edm) for Roughing (Minor) at 13:37, Derek Boogaard (LAK) for Hooking (Minor) at 19:04
3rd period
5. Oilers , Pavel Datsyuk 40 (Ian White, Joe Pavelski) at 9:22
Penalties :
Martin Lapointe (Edm) for Tripping (Minor) at 3:39, Jonathan Toews (Edm) for Slashing (Minor) at 6:35, Pascal Dupuis (Edm) for Roughing (Minor) at 10:36, Danny Richmond (LAK) for Hooking (Minor) at 10:36, Guillaume Latendresse (LAK) for High sticking (Minor) at 13:52, Bryan McCabe (LAK) for Goalie Interference (Minor) at 16:09
Goalie Stats
Mike Smith (LAK), 29 saves from 32 shots - (0,906), L, 7-12-0, 59:04 minutes
Cam Ward (Edm), 30 saves from 32 shots - (0,938), W, 29-21-4, 60:00 minutes
Players Stats for Kings
Player Name G A P +/- PIM S H SB GA TA FO MP PP MP PK MP
------------------------------------------------------------------------------------
Antti Miettinen 0 0 0 0 0 1 1 2 1 0 0/0 13:57 2:39 0:00
Brad Winchester 0 0 0 0 0 0 1 0 1 0 0/0 9:01 0:00 1:18
Bryan McCabe 0 0 0 -2 2 1 0 0 0 1 0/0 14:00 0:13 0:00
Danny Richmond 1 0 1 2 2 2 0 1 0 0 0/0 23:00 2:35 5:25
Daymond Langkow 1 0 1 0 2 3 1 1 0 0 8/16 11:56 0:00 0:05
Derek Boogaard 0 0 0 0 2 2 4 1 2 0 0/1 11:20 0:00 0:00
George Parros 0 0 0 0 0 1 1 0 0 0 0/0 13:40 0:00 2:27
Guillaume Latendresse 0 0 0 0 4 3 1 1 1 0 0/1 14:59 3:18 0:00
Jarome Iginla 0 1 1 0 0 3 2 1 0 0 0/0 22:43 3:18 5:43
Jay Bouwmeester 0 2 2 2 0 2 4 0 0 0 0/0 25:24 3:09 5:25
Matthew Barnaby 0 0 0 0 0 0 2 0 0 0 0/0 6:39 0:00 0:00
Noah Welch 0 0 0 -2 0 1 0 0 0 1 0/0 14:48 0:00 0:00
Randy Robitaille 0 0 0 0 0 1 1 0 0 0 0/0 9:07 0:00 1:24
Ryan Whitney 0 0 0 0 0 2 2 2 1 0 0/0 20:03 2:35 4:10
Simon Gagné 0 0 0 0 0 4 0 1 0 0 0/0 17:49 2:39 2:27
Sydney Crosby 0 0 0 0 0 4 1 1 1 0 12/33 22:47 3:18 5:46
Tomas Plekanec 0 0 0 0 0 1 0 0 0 0 3/4 14:07 2:39 0:00
Wade Redden 0 0 0 0 0 1 1 2 1 0 0/0 23:00 3:22 4:10
Players Stats for Oilers
Player Name G A P +/- PIM S H SB GA TA FO MP PP MP PK MP
------------------------------------------------------------------------------------
Erik Rasmussen 0 0 0 -1 0 0 3 0 0 0 3/3 9:57 0:00 3:01
Ian White 0 1 1 2 0 4 1 3 0 0 0/0 22:33 4:55 0:00
Ilya Kovalchuk 0 0 0 -1 0 7 0 1 1 0 0/1 20:34 4:34 1:00
Jiri Slegr 0 0 0 0 0 2 3 0 0 3 0/0 25:46 4:40 2:29
Joe Pavelski 1 2 3 2 2 3 3 0 0 0 1/1 18:38 4:58 0:00
Jonathan Toews 1 0 1 2 2 2 3 0 0 1 1/3 16:28 2:09 0:15
Kurtis Foster 0 0 0 -2 0 2 0 3 0 1 0/0 21:21 4:40 0:00
Mark Fistric 0 0 0 0 0 0 0 0 0 1 0/0 12:58 0:00 2:29
Martin Lapointe 0 0 0 -1 2 0 0 0 1 0 0/0 10:56 0:12 1:45
Marty Reasoner 0 0 0 -1 0 1 1 0 0 0 3/4 9:40 0:00 2:37
Pascal Dupuis 0 0 0 -1 2 1 2 0 0 0 0/0 16:21 4:24 0:00
Patrick Kaleta 0 0 0 0 0 1 1 0 0 0 0/1 8:43 0:00 0:00
Patrick Marleau 0 0 0 0 0 2 0 1 0 0 0/0 9:56 2:03 0:00
Pavel Datsyuk 1 1 2 2 0 4 3 0 0 0 12/20 19:37 4:58 0:00
Pierre-Marc Bouchard 0 0 0 -1 0 2 3 0 0 0 12/22 17:28 4:24 0:00
Rob Scuderi 0 0 0 -2 0 0 0 2 0 1 0/0 12:47 0:00 3:28
Steve Begin 0 0 0 0 0 0 2 3 0 0 0/0 13:42 1:03 3:16
Steve Montador 0 2 2 2 0 1 0 0 0 1 0/0 24:35 4:55 3:28
3 Stars
1 - Joe Pavelski (Edm)
2 - Pavel Datsyuk (Edm)
3 - Jay Bouwmeester (LAK)
Power Play
Kings - 0 on 3 Attempt(s) - 0,00%
Oilers - 1 on 5 Attempt(s) - 20,00%
Penalty Kill
Kings - 4 on 5 Attempt(s) - 80,00%
- Score 0 goal in Penalty Kill
Oilers - 3 on 3 Attempt(s) - 100,00%
- Score 0 goal in Penalty Kill
Official
Referees : Pochmara Brian and Auger Stephane
Linesman : Dan Schachte and Mike Cvik
Game Notes
Patrick Marleau is injured at 10:14 of 2nd period (Broken Bone (Right Arm))
Finance
Level 1 -- Attendance: 5283 (88,05%) -- Ticket Income 433 206 $
Level 2 -- Attendance: 4779 (95,58%) -- Ticket Income 238 950 $
Level 3 -- Attendance: 1819 (90,95%) -- Ticket Income 50 932 $
Level 4 -- Attendance: 3753 (93,83%) -- Ticket Income 67 554 $
Luxury Box -- Attendance: 898 (89,80%) -- Ticket Income 154 456 $
Game was played at the Rexall Place
Total Attendance: 16532 (91,84%)
Total Ticket Income: 945 098 $
Other Income: 47 255 $
Total Income: 992 353 $
Kings
5 vs 5 Forward
Center Left Wing Right Wing Time % Phy DF OF
1 Sydney Crosby Guillaume Latendresse Jarome Iginla 35 1 2 2
2 Tomas Plekanec Simon Gagné George Parros 30 1 2 2
3 Daymond Langkow Derek Boogaard Antti Miettinen 30 1 2 2
4 Randy Robitaille Brad Winchester Matthew Barnaby 5 1 2 2
5 vs 5 Defense
Defense Defense Time % Phy DF OF
1 Jay Bouwmeester Danny Richmond 35 0 3 2
2 Ryan Whitney Wade Redden 30 1 2 2
3 Bryan McCabe Noah Welch 30 1 2 2
4 Jay Bouwmeester Danny Richmond 5 1 2 2
PowerPlay Forward
Center Left Wing Right Wing Time % Phy DF OF
1 Sydney Crosby Guillaume Latendresse Jarome Iginla 60 1 1 3
2 Tomas Plekanec Simon Gagné Antti Miettinen 40 1 1 3
PowerPlay Defense
Defense Defense Time % Phy DF OF
1 Jay Bouwmeester Wade Redden 60 0 2 3
2 Ryan Whitney Danny Richmond 40 0 2 3
Penalty Kill 4 Players Forward
Center Wing Time % Phy DF OF
1 Sydney Crosby Jarome Iginla 60 1 2 2
2 Simon Gagné George Parros 40 1 2 2
Penalty Kill 4 Players Defense
Defense Defense Time % Phy DF OF
1 Jay Bouwmeester Danny Richmond 60 0 3 2
2 Ryan Whitney Wade Redden 40 0 3 2
Penalty Kill - 3 Players Forward
Forward Time % Phy DF OF
1 Sydney Crosby 60 1 2 2
2 Jarome Iginla 40 1 2 2
Penalty Kill - 3 Players Defense
Defense Defense Time % Phy DF OF
1 Jay Bouwmeester Danny Richmond 60 1 2 2
2 Ryan Whitney Wade Redden 40 1 2 2
4 vs 4 Forward
Center Wing Time % Phy DF OF
1 Sydney Crosby Jarome Iginla 60 1 2 2
2 Tomas Plekanec Simon Gagné 40 1 2 2
4 vs 4 Defense
Defense Defense Time % Phy DF OF
1 Wade Redden Ryan Whitney 60 1 2 2
2 Jay Bouwmeester Danny Richmond 40 1 2 2
Last Minutes Offensive
Center Left Wing Right Wing Defense Defense
Sydney Crosby Simon Gagné Jarome Iginla Jay Bouwmeester Wade Redden
Last Minutes Defensive
Center Left Wing Right Wing Defense Defense
Sydney Crosby Simon Gagné Jarome Iginla Jay Bouwmeester Danny Richmond
Goaltenders
Starting : Mike Smith
Backup : Brent Johnson
Extra Forwards
Normal : Guillaume Latendresse, Antti Miettinen, Daymond Langkow - PP : Daymond Langkow, George Parros - PK : Randy Robitaille
Extra Defensemen
Normal : Wade Redden, Noah Welch, Ryan Whitney - PP : Bryan McCabe - PK : Noah Welch, Bryan McCabe
Penalty Shots
Jarome Iginla, Sydney Crosby, Daymond Langkow, Simon Gagné, Jay Bouwmeester
Oilers
5 vs 5 Forward
Center Left Wing Right Wing Time % Phy DF OF
1 Pierre-Marc Bouchard Ilya Kovalchuk Pascal Dupuis 35 1 2 2
2 Pavel Datsyuk Patrick Marleau Joe Pavelski 35 1 2 2
3 Jonathan Toews Steve Begin Patrick Kaleta 20 1 2 2
4 Marty Reasoner Erik Rasmussen Martin Lapointe 10 1 3 1
5 vs 5 Defense
Defense Defense Time % Phy DF OF
1 Ian White Steve Montador 37 1 2 2
2 Kurtis Foster Rob Scuderi 25 0 3 2
3 Jiri Slegr Mark Fistric 21 1 2 2
4 Kurtis Foster Jiri Slegr 17 1 2 2
PowerPlay Forward
Center Left Wing Right Wing Time % Phy DF OF
1 Pierre-Marc Bouchard Ilya Kovalchuk Pascal Dupuis 50 1 1 3
2 Pavel Datsyuk Patrick Marleau Joe Pavelski 50 1 1 3
PowerPlay Defense
Defense Defense Time % Phy DF OF
1 Ian White Steve Montador 50 0 2 3
2 Kurtis Foster Jiri Slegr 50 0 2 3
Penalty Kill 4 Players Forward
Center Wing Time % Phy DF OF
1 Erik Rasmussen Steve Begin 50 1 3 1
2 Marty Reasoner Martin Lapointe 50 1 3 1
Penalty Kill 4 Players Defense
Defense Defense Time % Phy DF OF
1 Steve Montador Rob Scuderi 50 1 3 1
2 Jiri Slegr Mark Fistric 50 1 3 1
Penalty Kill - 3 Players Forward
Forward Time % Phy DF OF
1 Marty Reasoner 50 1 3 1
2 Steve Begin 50 1 3 1
Penalty Kill - 3 Players Defense
Defense Defense Time % Phy DF OF
1 Steve Montador Rob Scuderi 50 1 4 0
2 Ian White Jiri Slegr 50 1 4 0
4 vs 4 Forward
Center Wing Time % Phy DF OF
1 Pavel Datsyuk Joe Pavelski 50 1 1 3
2 Pierre-Marc Bouchard Ilya Kovalchuk 50 1 1 3
4 vs 4 Defense
Defense Defense Time % Phy DF OF
1 Ian White Steve Montador 50 1 2 2
2 Kurtis Foster Jiri Slegr 50 1 2 2
Last Minutes Offensive
Center Left Wing Right Wing Defense Defense
Pavel Datsyuk Ilya Kovalchuk Joe Pavelski Kurtis Foster Jiri Slegr
Last Minutes Defensive
Center Left Wing Right Wing Defense Defense
Pavel Datsyuk Ilya Kovalchuk Joe Pavelski Jiri Slegr Ian White
Goaltenders
Starting : Cam Ward
Backup : Byron Dafoe
Extra Forwards
Normal : Joe Pavelski, Jonathan Toews, Ilya Kovalchuk - PP : Jonathan Toews, Steve Begin - PK : Ilya Kovalchuk
Extra Defensemen
Normal : Kurtis Foster, Steve Montador, Ian White - PP : Rob Scuderi - PK : Ian White, Kurtis Foster
Penalty Shots
Ilya Kovalchuk, Pavel Datsyuk, Patrick Marleau, Joe Pavelski, Pierre-Marc Bouchard
% Time on Ice - Kings
Lines # - Real PCT - Wanted PCT - Time Play
Normal Forward
1 - 30% - 35% - 12:24
2 - 27% - 30% - 11:08
3 - 27% - 30% - 11:03
4 - 16% - 5% - 6:39
Normal Defense
1 - 37% - 35% - 15:20
2 - 29% - 30% - 12:06
3 - 32% - 30% - 13:00
4 - 2% - 5% - 0:48
PP Forward
1 - 55% - 60% - 3:18
2 - 45% - 40% - 2:39
PP Defense
1 - 57% - 60% - 3:22
2 - 43% - 40% - 2:35
PK Forward
1 - 74% - 60% - 7:08
2 - 26% - 40% - 2:27
PK Defense
1 - 57% - 60% - 5:25
2 - 43% - 40% - 4:10
PK3 Forward
1 - 0% - 60%
2 - 0% - 40%
PK3 Defense
1 - 0% - 60%
2 - 0% - 40%
44 Forward
1 - 83% - 60% - 1:39
2 - 17% - 40% - 0:20
44 Defense
1 - 45% - 60% - 0:54
2 - 55% - 40% - 1:05
Last Minute Offensive - 1:15
Last Minute Defensive - 0:00
Total
Forward - 60:00
Defense - 60:00
|
% Time on Ice - Oilers
Lines # - Real PCT - Wanted PCT - Time Play
Normal Forward
1 - 29% - 35% - 11:57
2 - 34% - 35% - 14:06
3 - 21% - 20% - 8:43
4 - 16% - 10% - 6:31
Normal Defense
1 - 38% - 37% - 15:30
2 - 28% - 25% - 11:22
3 - 21% - 21% - 8:43
4 - 14% - 17% - 5:42
PP Forward
1 - 46% - 50% - 4:24
2 - 54% - 50% - 5:11
PP Defense
1 - 51% - 50% - 4:55
2 - 49% - 50% - 4:40
PK Forward
1 - 51% - 50% - 3:01
2 - 49% - 50% - 2:56
PK Defense
1 - 58% - 50% - 3:28
2 - 42% - 50% - 2:29
PK3 Forward
1 - 0% - 50%
2 - 0% - 50%
PK3 Defense
1 - 0% - 50%
2 - 0% - 50%
44 Forward
1 - 45% - 50% - 0:53
2 - 55% - 50% - 1:06
44 Defense
1 - 59% - 50% - 1:10
2 - 41% - 50% - 0:49
Last Minute Offensive - 0:00
Last Minute Defensive - 1:12
Total
Forward - 60:00
Defense - 60:00
|
Play by Play
1st period
0:01 of 1st period - Pierre-Marc Bouchard wins face-off versus Sydney Crosby in neutral zone.
0:26 of 1st period - Danny Richmond is hit by Pavel Datsyuk and loses puck.
0:33 of 1st period - Slapshot by Patrick Marleau.
0:33 of 1st period - Shot Misses the Net.
0:35 of 1st period - Snap shot by Patrick Marleau.
0:35 of 1st period - Stopped by Mike Smith with a rebound.
0:57 of 1st period - Wrist shot by Patrick Kaleta.
0:57 of 1st period - Shot Blocked by Antti Miettinen.
0:59 of 1st period - Snap shot by Rob Scuderi.
0:59 of 1st period - Shot Blocked by Ryan Whitney.
1:41 of 1st period - Guillaume Latendresse is hit by Pierre-Marc Bouchard and loses puck.
3:01 of 1st period - Jay Bouwmeester is hit by Pierre-Marc Bouchard and loses puck.
3:44 of 1st period - Erik Rasmussen is hit by Guillaume Latendresse and loses puck.
4:53 of 1st period - Marty Reasoner is hit by Jarome Iginla and loses puck.
5:36 of 1st period - Matthew Barnaby is hit by Pavel Datsyuk.
5:42 of 1st period - Steve Montador is hit by Brad Winchester and loses puck.
5:59 of 1st period - Slapshot by Jarome Iginla.
5:59 of 1st period - Shot Blocked by Ian White.
6:01 of 1st period - Slapshot by Danny Richmond.
6:01 of 1st period - Shot Misses the Net.
6:03 of 1st period - Slapshot by Guillaume Latendresse.
6:03 of 1st period - Deflect By Steve Montador.
6:03 of 1st period - Shot Blocked by Ian White.
6:03 of 1st period - Puck is out of play.
6:04 of 1st period - Pierre-Marc Bouchard wins face-off versus Daymond Langkow in Oilers zone.
6:20 of 1st period - Jiri Slegr is hit by Derek Boogaard.
6:32 of 1st period - Jarome Iginla is hit by Jiri Slegr and loses puck.
7:23 of 1st period - Jay Bouwmeester is hit by Jiri Slegr.
7:44 of 1st period - Slapshot by Jay Bouwmeester.
7:44 of 1st period - Stopped by Cam Ward with a rebound.
8:46 of 1st period - Wrist shot by Pavel Datsyuk.
8:46 of 1st period - Shot Blocked by Derek Boogaard.
9:20 of 1st period - Off-side.
9:21 of 1st period - Sydney Crosby wins face-off versus Jonathan Toews in neutral zone.
9:30 of 1st period - Wrist shot by Jarome Iginla.
9:30 of 1st period - Shot Misses the Net.
9:32 of 1st period - Slapshot by Wade Redden.
9:32 of 1st period - Stopped by Cam Ward without a rebound.
9:33 of 1st period - Pavel Datsyuk wins face-off versus Sydney Crosby in Oilers zone.
10:05 of 1st period - Wrist shot by Tomas Plekanec.
10:05 of 1st period - Stopped by Cam Ward without a rebound.
10:06 of 1st period - Pierre-Marc Bouchard wins face-off versus Daymond Langkow in Oilers zone.
12:27 of 1st period - Ilya Kovalchuk is hit by Matthew Barnaby and loses puck.
12:40 of 1st period - Snap shot by Joe Pavelski.
12:40 of 1st period - Shot Blocked by Wade Redden.
12:42 of 1st period - Wrist shot by Joe Pavelski.
12:42 of 1st period - Shot Misses the Net.
12:44 of 1st period - Slapshot by Ian White.
12:44 of 1st period - Stopped by Mike Smith with a rebound.
12:46 of 1st period - Slapshot by Ian White.
12:46 of 1st period - Stopped by Mike Smith with a rebound.
12:48 of 1st period - Snap shot by Patrick Marleau.
12:48 of 1st period - Stopped by Mike Smith with a rebound.
13:04 of 1st period - Snap shot by Simon Gagné.
13:04 of 1st period - Shot Misses the Net.
13:06 of 1st period - Snap shot by George Parros.
13:06 of 1st period - Stopped by Cam Ward with a rebound.
13:39 of 1st period - Backhand shot by Joe Pavelski.
13:39 of 1st period - Stopped by Mike Smith with a rebound.
14:15 of 1st period - Snap shot by Jarome Iginla.
14:15 of 1st period - Shot Misses the Net.
14:17 of 1st period - Slapshot by Noah Welch.
14:17 of 1st period - Stopped by Cam Ward without a rebound.
14:18 of 1st period - Sydney Crosby wins face-off versus Pierre-Marc Bouchard in Oilers zone.
14:51 of 1st period - Wrist shot by Jarome Iginla.
14:51 of 1st period - Shot Blocked by Patrick Marleau.
15:09 of 1st period - Wrist shot by Jarome Iginla.
15:09 of 1st period - Deflect By Sydney Crosby.
15:09 of 1st period - Stopped by Cam Ward with a rebound.
15:11 of 1st period - Wrist shot by Jay Bouwmeester.
15:11 of 1st period - Shot Misses the Net.
15:13 of 1st period - Snap shot by Jarome Iginla.
15:13 of 1st period - Shot Blocked by Kurtis Foster.
15:15 of 1st period - Slapshot by Danny Richmond.
15:15 of 1st period - Goal by Danny Richmond - Kings : 1 - Oilers : 0.
15:16 of 1st period - Daymond Langkow wins face-off versus Pierre-Marc Bouchard in neutral zone.
15:21 of 1st period - Wrist shot by Daymond Langkow.
15:21 of 1st period - Stopped by Cam Ward with a rebound.
15:23 of 1st period - Snap shot by Daymond Langkow.
15:23 of 1st period - Goal by Daymond Langkow - Kings : 2 - Oilers : 0.
15:24 of 1st period - Tomas Plekanec wins face-off versus Pierre-Marc Bouchard in neutral zone.
15:27 of 1st period - Slapshot by Danny Richmond.
15:27 of 1st period - Shot Misses the Net.
15:29 of 1st period - Wrist shot by Simon Gagné.
15:29 of 1st period - Stopped by Cam Ward with a rebound.
15:35 of 1st period - Snap shot by Tomas Plekanec.
15:35 of 1st period - Shot Misses the Net.
16:18 of 1st period - Wrist shot by Jarome Iginla.
16:18 of 1st period - Shot Blocked by Steve Begin.
16:40 of 1st period - Ian White is hit by Wade Redden.
17:12 of 1st period - Snap shot by Derek Boogaard.
17:12 of 1st period - Stopped by Cam Ward without a rebound.
17:13 of 1st period - Pavel Datsyuk wins face-off versus Daymond Langkow in Oilers zone.
17:18 of 1st period - Slapshot by Kurtis Foster.
17:18 of 1st period - Shot Misses the Net.
18:06 of 1st period - Icing by Sydney Crosby.
18:07 of 1st period - Pavel Datsyuk wins face-off versus Sydney Crosby in Kings zone.
18:15 of 1st period - Off-side.
18:16 of 1st period - Daymond Langkow wins face-off versus Pavel Datsyuk in neutral zone.
18:23 of 1st period - Snap shot by Daymond Langkow.
18:23 of 1st period - Shot Misses the Net.
19:03 of 1st period - Snap shot by Kurtis Foster.
19:03 of 1st period - Deflect By Marty Reasoner.
19:03 of 1st period - Stopped by Mike Smith without a rebound.
19:04 of 1st period - Daymond Langkow wins face-off versus Marty Reasoner in Kings zone.
19:04 of 1st period - Daymond Langkow is hit by Marty Reasoner.
2nd period
0:01 of 2nd period - Pierre-Marc Bouchard wins face-off versus Daymond Langkow in neutral zone.
0:06 of 2nd period - Wrist shot by Ilya Kovalchuk.
0:06 of 2nd period - Stopped by Mike Smith without a rebound.
0:07 of 2nd period - Daymond Langkow wins face-off versus Ilya Kovalchuk in Kings zone.
0:13 of 2nd period - Minor Penalty to Daymond Langkow for Slashing.
0:14 of 2nd period - Pierre-Marc Bouchard wins face-off versus Sydney Crosby in Kings zone.
2:13 of 2nd period - Penalty to Daymond Langkow is over, Daymond Langkow is back on ice.
2:41 of 2nd period - Snap shot by Patrick Kaleta.
2:41 of 2nd period - Stopped by Mike Smith without a rebound.
2:42 of 2nd period - Tomas Plekanec wins face-off versus Patrick Kaleta in Kings zone.
3:05 of 2nd period - Bryan McCabe is hit by Steve Begin and loses puck.
3:16 of 2nd period - Snap shot by George Parros.
3:16 of 2nd period - Shot Blocked by Steve Begin.
3:47 of 2nd period - Wrist shot by Simon Gagné.
3:47 of 2nd period - Shot Misses the Net.
3:49 of 2nd period - Wrist shot by Simon Gagné.
3:49 of 2nd period - Shot Blocked by Kurtis Foster.
3:51 of 2nd period - Slapshot by Noah Welch.
3:51 of 2nd period - Deflect By Simon Gagné.
3:51 of 2nd period - Shot Misses the Net.
3:51 of 2nd period - Puck is out of play.
3:52 of 2nd period - Pierre-Marc Bouchard wins face-off versus Daymond Langkow in Oilers zone.
3:52 of 2nd period - Pierre-Marc Bouchard is hit by Derek Boogaard.
4:04 of 2nd period - Snap shot by Antti Miettinen.
4:04 of 2nd period - Shot Misses the Net.
4:06 of 2nd period - Slapshot by Ryan Whitney.
4:06 of 2nd period - Stopped by Cam Ward without a rebound.
4:07 of 2nd period - Pavel Datsyuk wins face-off versus Sydney Crosby in Oilers zone.
4:14 of 2nd period - Slapshot by Pavel Datsyuk.
4:14 of 2nd period - Stopped by Mike Smith without a rebound.
4:15 of 2nd period - Pavel Datsyuk wins face-off versus Sydney Crosby in Kings zone.
4:20 of 2nd period - Snap shot by Joe Pavelski.
4:20 of 2nd period - Shot Blocked by Ryan Whitney.
4:26 of 2nd period - Wrist shot by Jarome Iginla.
4:26 of 2nd period - Stopped by Cam Ward with a rebound.
4:42 of 2nd period - Derek Boogaard is hit by Pascal Dupuis and loses puck.
4:49 of 2nd period - Wrist shot by Ilya Kovalchuk.
4:49 of 2nd period - Stopped by Mike Smith without a rebound.
4:50 of 2nd period - Sydney Crosby wins face-off versus Pierre-Marc Bouchard in Kings zone.
5:01 of 2nd period - Snap shot by Ilya Kovalchuk.
5:01 of 2nd period - Shot Hit the Post.
5:37 of 2nd period - Wrist shot by Jarome Iginla.
5:37 of 2nd period - Shot Misses the Net.
5:39 of 2nd period - Snap shot by Guillaume Latendresse.
5:39 of 2nd period - Shot Misses the Net.
5:41 of 2nd period - Slapshot by Guillaume Latendresse.
5:41 of 2nd period - Stopped by Cam Ward with a rebound.
5:43 of 2nd period - Snap shot by Jarome Iginla.
5:43 of 2nd period - Shot Misses the Net.
5:53 of 2nd period - Snap shot by Sydney Crosby.
5:53 of 2nd period - Shot Blocked by Rob Scuderi.
6:09 of 2nd period - Wrist shot by Sydney Crosby.
6:09 of 2nd period - Shot Blocked by Steve Begin.
6:11 of 2nd period - Snap shot by Jarome Iginla.
6:11 of 2nd period - Stopped by Cam Ward with a rebound.
6:13 of 2nd period - Backhand shot by Jay Bouwmeester.
6:13 of 2nd period - Shot Blocked by Rob Scuderi.
6:15 of 2nd period - Snap shot by Jay Bouwmeester.
6:15 of 2nd period - Shot Misses the Net.
6:17 of 2nd period - Slapshot by Danny Richmond.
6:17 of 2nd period - Shot Blocked by Kurtis Foster.
6:19 of 2nd period - Snap shot by Guillaume Latendresse.
6:19 of 2nd period - Stopped by Cam Ward without a rebound.
6:20 of 2nd period - Daymond Langkow wins face-off versus Pavel Datsyuk in Oilers zone.
6:28 of 2nd period - Daymond Langkow is hit by Joe Pavelski and loses puck.
6:49 of 2nd period - Icing by Bryan McCabe.
6:50 of 2nd period - Pierre-Marc Bouchard wins face-off versus Tomas Plekanec in Kings zone.
7:14 of 2nd period - Snap shot by Simon Gagné.
7:14 of 2nd period - Stopped by Cam Ward with a rebound.
7:18 of 2nd period - Snap shot by Simon Gagné.
7:18 of 2nd period - Stopped by Cam Ward without a rebound.
7:19 of 2nd period - Daymond Langkow wins face-off versus Pavel Datsyuk in Oilers zone.
7:24 of 2nd period - Snap shot by Daymond Langkow.
7:24 of 2nd period - Stopped by Cam Ward with a rebound.
7:26 of 2nd period - Snap shot by Derek Boogaard.
7:26 of 2nd period - Stopped by Cam Ward with a rebound.
7:28 of 2nd period - Slapshot by Wade Redden.
7:28 of 2nd period - Shot Misses the Net.
7:30 of 2nd period - Slapshot by Ryan Whitney.
7:30 of 2nd period - Stopped by Cam Ward with a rebound.
7:46 of 2nd period - Wade Redden is hit by Erik Rasmussen and loses puck.
8:15 of 2nd period - Snap shot by Pierre-Marc Bouchard.
8:15 of 2nd period - Shot Misses the Net.
8:24 of 2nd period - Minor Penalty to Guillaume Latendresse for High sticking.
8:25 of 2nd period - Pavel Datsyuk wins face-off versus Sydney Crosby in Kings zone.
8:34 of 2nd period - Wrist shot by Pavel Datsyuk.
8:34 of 2nd period - Deflect By Jarome Iginla.
8:34 of 2nd period - Shot Blocked by Jarome Iginla.
8:34 of 2nd period - Puck is out of play.
8:35 of 2nd period - Sydney Crosby wins face-off versus Pavel Datsyuk in Kings zone.
8:58 of 2nd period - Wrist shot by Jarome Iginla.
8:58 of 2nd period - Deflect By Sydney Crosby.
8:58 of 2nd period - Stopped by Cam Ward with a rebound.
9:00 of 2nd period - Slapshot by Danny Richmond.
9:00 of 2nd period - Stopped by Cam Ward with a rebound.
9:14 of 2nd period - Backhand shot by Pavel Datsyuk.
9:14 of 2nd period - Deflect By Joe Pavelski.
9:14 of 2nd period - Shot Blocked by Simon Gagné.
9:14 of 2nd period - Puck is out of play.
9:15 of 2nd period - Pierre-Marc Bouchard wins face-off versus Sydney Crosby in Kings zone.
9:22 of 2nd period - Snap shot by Ilya Kovalchuk.
9:22 of 2nd period - Stopped by Mike Smith without a rebound.
9:23 of 2nd period - Pierre-Marc Bouchard wins face-off versus Sydney Crosby in Kings zone.
9:28 of 2nd period - Snap shot by Ilya Kovalchuk.
9:28 of 2nd period - Stopped by Mike Smith without a rebound.
9:29 of 2nd period - Sydney Crosby wins face-off versus Pierre-Marc Bouchard in Kings zone.
9:38 of 2nd period - Wrist shot by Ilya Kovalchuk.
9:38 of 2nd period - Shot Misses the Net.
9:54 of 2nd period - Ian White is hit by Sydney Crosby and loses puck.
10:01 of 2nd period - Snap shot by Pavel Datsyuk.
10:01 of 2nd period - Shot Misses the Net.
10:03 of 2nd period - Snap shot by Joe Pavelski.
10:03 of 2nd period - Goal by Joe Pavelski - Kings : 2 - Oilers : 1.
10:04 of 2nd period - Daymond Langkow wins face-off versus Pavel Datsyuk in neutral zone.
10:13 of 2nd period - Patrick Marleau is hit by Derek Boogaard and loses puck.
10:14 of 2nd period - Patrick Marleau from Oilers is injured at 10:14 of 2nd period (Broken Bone (Right Arm)).
10:15 of 2nd period - Pavel Datsyuk wins face-off versus Derek Boogaard in Oilers zone.
10:15 of 2nd period - Pavel Datsyuk is hit by Jay Bouwmeester.
10:21 of 2nd period - Slapshot by Jiri Slegr.
10:21 of 2nd period - Shot Blocked by Daymond Langkow.
10:23 of 2nd period - Slapshot by Pavel Datsyuk.
10:23 of 2nd period - Stopped by Mike Smith without a rebound.
10:24 of 2nd period - Jonathan Toews wins face-off versus Daymond Langkow in Kings zone.
10:27 of 2nd period - Snap shot by Pavel Datsyuk.
10:27 of 2nd period - Shot Blocked by Antti Miettinen.
10:29 of 2nd period - Slapshot by Kurtis Foster.
10:29 of 2nd period - Stopped by Mike Smith without a rebound.
10:30 of 2nd period - Daymond Langkow wins face-off versus Pierre-Marc Bouchard in Kings zone.
11:35 of 2nd period - Wrist shot by Ilya Kovalchuk.
11:35 of 2nd period - Stopped by Mike Smith without a rebound.
11:36 of 2nd period - Pavel Datsyuk wins face-off versus Sydney Crosby in Kings zone.
11:39 of 2nd period - Snap shot by Pavel Datsyuk.
11:39 of 2nd period - Shot Misses the Net.
11:41 of 2nd period - Slapshot by Ian White.
11:41 of 2nd period - Stopped by Mike Smith without a rebound.
11:42 of 2nd period - Sydney Crosby wins face-off versus Pavel Datsyuk in Kings zone.
11:49 of 2nd period - Snap shot by Pavel Datsyuk.
11:49 of 2nd period - Shot Blocked by Guillaume Latendresse.
11:51 of 2nd period - Wrist shot by Joe Pavelski.
11:51 of 2nd period - Deflect By Jay Bouwmeester.
11:51 of 2nd period - Stopped by Mike Smith with a rebound.
11:53 of 2nd period - Snap shot by Jonathan Toews.
11:53 of 2nd period - Shot Misses the Net.
11:55 of 2nd period - Snap shot by Pavel Datsyuk.
11:55 of 2nd period - Stopped by Mike Smith without a rebound.
11:56 of 2nd period - Joe Pavelski wins face-off versus Daymond Langkow in Kings zone.
12:06 of 2nd period - Wrist shot by Steve Montador.
12:06 of 2nd period - Stopped by Mike Smith with a rebound.
12:08 of 2nd period - Snap shot by Jonathan Toews.
12:08 of 2nd period - Stopped by Mike Smith with a rebound.
12:10 of 2nd period - Wrist shot by Joe Pavelski.
12:10 of 2nd period - Shot Misses the Net.
12:12 of 2nd period - Snap shot by Jonathan Toews.
12:12 of 2nd period - Goal by Jonathan Toews - Kings : 2 - Oilers : 2.
12:13 of 2nd period - Sydney Crosby wins face-off versus Jonathan Toews in neutral zone.
12:38 of 2nd period - Antti Miettinen is hit by Pascal Dupuis and loses puck.
13:04 of 2nd period - Marty Reasoner is hit by George Parros and loses puck.
13:37 of 2nd period - Minor Penalty to Joe Pavelski for Roughing.
13:38 of 2nd period - Erik Rasmussen wins face-off versus Guillaume Latendresse in Oilers zone.
13:38 of 2nd period - Erik Rasmussen is hit by Jay Bouwmeester.
15:37 of 2nd period - Penalty to Joe Pavelski is over, Joe Pavelski is back on ice.
16:05 of 2nd period - Ilya Kovalchuk is hit by Derek Boogaard and loses puck.
16:36 of 2nd period - Joe Pavelski is hit by Matthew Barnaby and loses puck.
17:15 of 2nd period - Simon Gagné is hit by Pierre-Marc Bouchard and loses puck.
18:25 of 2nd period - Guillaume Latendresse is hit by Patrick Kaleta and loses puck.
18:58 of 2nd period - Snap shot by Brad Winchester.
18:58 of 2nd period - Deflect By Randy Robitaille.
18:58 of 2nd period - Shot Misses the Net.
18:58 of 2nd period - Puck is out of play.
18:59 of 2nd period - Pavel Datsyuk wins face-off versus Daymond Langkow in Oilers zone.
18:59 of 2nd period - Pavel Datsyuk is hit by Antti Miettinen.
19:04 of 2nd period - Minor Penalty to Derek Boogaard for Hooking.
19:05 of 2nd period - Pierre-Marc Bouchard wins face-off versus Sydney Crosby in Kings zone.
19:12 of 2nd period - Slapshot by Pierre-Marc Bouchard.
19:12 of 2nd period - Stopped by Mike Smith with a rebound.
19:14 of 2nd period - Snap shot by Ilya Kovalchuk.
19:14 of 2nd period - Stopped by Mike Smith with a rebound.
19:16 of 2nd period - Snap shot by Pierre-Marc Bouchard.
19:16 of 2nd period - Shot Blocked by Wade Redden.
19:18 of 2nd period - Snap shot by Jiri Slegr.
19:18 of 2nd period - Stopped by Mike Smith without a rebound.
19:19 of 2nd period - Pavel Datsyuk wins face-off versus Sydney Crosby in Kings zone.
19:26 of 2nd period - Jonathan Toews is hit by Ryan Whitney and loses puck.
3rd period
0:01 of 3rd period - Sydney Crosby wins face-off versus Pierre-Marc Bouchard in neutral zone.
0:26 of 3rd period - Jarome Iginla is hit by Joe Pavelski and loses puck.
1:04 of 3rd period - Penalty to Derek Boogaard is over, Derek Boogaard is back on ice.
1:11 of 3rd period - Ryan Whitney is hit by Erik Rasmussen.
1:19 of 3rd period - Slapshot by Jiri Slegr.
1:19 of 3rd period - Stopped by Mike Smith with a rebound.
1:21 of 3rd period - Wrist shot by Martin Lapointe.
1:21 of 3rd period - Deflect By Ryan Whitney.
1:21 of 3rd period - Shot Misses the Net.
1:21 of 3rd period - Puck is out of play.
1:22 of 3rd period - Tomas Plekanec wins face-off versus Pierre-Marc Bouchard in Kings zone.
2:10 of 3rd period - Slapshot by Ian White.
2:10 of 3rd period - Deflect By Brad Winchester.
2:10 of 3rd period - Stopped by Mike Smith without a rebound.
2:11 of 3rd period - Sydney Crosby wins face-off versus Pavel Datsyuk in Kings zone.
3:26 of 3rd period - Wrist shot by Brad Winchester.
3:26 of 3rd period - Shot Blocked by Ilya Kovalchuk.
3:28 of 3rd period - Snap shot by Randy Robitaille.
3:28 of 3rd period - Stopped by Cam Ward with a rebound.
3:39 of 3rd period - Minor Penalty to Martin Lapointe for Tripping.
3:40 of 3rd period - Marty Reasoner wins face-off versus Sydney Crosby in Oilers zone.
3:51 of 3rd period - Wrist shot by Jarome Iginla.
3:51 of 3rd period - Shot Misses the Net.
3:53 of 3rd period - Backhand shot by Sydney Crosby.
3:53 of 3rd period - Shot Misses the Net.
3:55 of 3rd period - Snap shot by Guillaume Latendresse.
3:55 of 3rd period - Stopped by Cam Ward without a rebound.
3:56 of 3rd period - Marty Reasoner wins face-off versus Sydney Crosby in Oilers zone.
4:21 of 3rd period - Antti Miettinen is hit by Jiri Slegr and loses puck.
4:44 of 3rd period - Sydney Crosby is hit by Erik Rasmussen and loses puck.
5:39 of 3rd period - Penalty to Martin Lapointe is over, Martin Lapointe is back on ice.
6:35 of 3rd period - Minor Penalty to Jonathan Toews for Slashing.
6:36 of 3rd period - Erik Rasmussen wins face-off versus Sydney Crosby in Oilers zone.
7:10 of 3rd period - Snap shot by Tomas Plekanec.
7:10 of 3rd period - Deflect By Antti Miettinen.
7:10 of 3rd period - Stopped by Cam Ward without a rebound.
7:11 of 3rd period - Erik Rasmussen wins face-off versus Sydney Crosby in Oilers zone.
8:35 of 3rd period - Penalty to Jonathan Toews is over, Jonathan Toews is back on ice.
8:48 of 3rd period - Backhand shot by Ilya Kovalchuk.
8:48 of 3rd period - Stopped by Mike Smith with a rebound.
9:06 of 3rd period - Snap shot by Randy Robitaille.
9:06 of 3rd period - Shot Misses the Net.
9:08 of 3rd period - Slapshot by Jay Bouwmeester.
9:08 of 3rd period - Deflect By Pavel Datsyuk.
9:08 of 3rd period - Stopped by Cam Ward without a rebound.
9:09 of 3rd period - Pavel Datsyuk wins face-off versus Sydney Crosby in Oilers zone.
9:09 of 3rd period - Pavel Datsyuk is hit by Jarome Iginla.
9:22 of 3rd period - Snap shot by Pavel Datsyuk.
9:22 of 3rd period - Goal by Pavel Datsyuk - Kings : 2 - Oilers : 3.
9:23 of 3rd period - Pierre-Marc Bouchard wins face-off versus Sydney Crosby in neutral zone.
9:48 of 3rd period - Ian White is hit by Daymond Langkow and loses puck.
9:54 of 3rd period - Steve Montador is hit by Ryan Whitney and loses puck.
10:36 of 3rd period - Minor Penalty to Pascal Dupuis for Roughing.
10:36 of 3rd period - Minor Penalty to Danny Richmond for Hooking.
10:37 of 3rd period - Sydney Crosby wins face-off versus Pavel Datsyuk in Kings zone.
10:37 of 3rd period - Sydney Crosby is hit by Joe Pavelski.
11:07 of 3rd period - Slapshot by Steve Montador.
11:07 of 3rd period - Shot Misses the Net.
11:09 of 3rd period - Slapshot by Ian White.
11:09 of 3rd period - Deflect By Pierre-Marc Bouchard.
11:09 of 3rd period - Stopped by Mike Smith without a rebound.
11:10 of 3rd period - Sydney Crosby wins face-off versus Pierre-Marc Bouchard in Kings zone.
11:17 of 3rd period - Ilya Kovalchuk is hit by Jay Bouwmeester and loses puck.
11:56 of 3rd period - Sydney Crosby is hit by Ian White and loses puck.
12:21 of 3rd period - Pierre-Marc Bouchard is hit by Jay Bouwmeester and loses puck.
12:36 of 3rd period - Penalty to Pascal Dupuis is over, Pascal Dupuis is back on ice.
12:36 of 3rd period - Penalty to Danny Richmond is over, Danny Richmond is back on ice.
13:06 of 3rd period - Wrist shot by Marty Reasoner.
13:06 of 3rd period - Shot Misses the Net.
13:10 of 3rd period - Slapshot by Kurtis Foster.
13:10 of 3rd period - Stopped by Mike Smith with a rebound.
13:40 of 3rd period - Tomas Plekanec is hit by Steve Begin.
13:49 of 3rd period - Off-side.
13:50 of 3rd period - Marty Reasoner wins face-off versus Sydney Crosby in neutral zone.
13:52 of 3rd period - Minor Penalty to Guillaume Latendresse for High sticking.
13:53 of 3rd period - Sydney Crosby wins face-off versus Pierre-Marc Bouchard in Kings zone.
14:45 of 3rd period - Jarome Iginla is hit by Jonathan Toews and loses puck.
15:28 of 3rd period - Ian White is hit by Randy Robitaille and loses puck.
15:35 of 3rd period - Randy Robitaille is hit by Pavel Datsyuk and loses puck.
15:52 of 3rd period - Penalty to Guillaume Latendresse is over, Guillaume Latendresse is back on ice.
15:58 of 3rd period - Snap shot by Sydney Crosby.
15:58 of 3rd period - Stopped by Cam Ward with a rebound.
16:00 of 3rd period - Wrist shot by Daymond Langkow.
16:00 of 3rd period - Shot Misses the Net.
16:02 of 3rd period - Wrist shot by Daymond Langkow.
16:02 of 3rd period - Shot Misses the Net.
16:04 of 3rd period - Slapshot by Bryan McCabe.
16:04 of 3rd period - Stopped by Cam Ward with a rebound.
16:09 of 3rd period - Minor Penalty to Bryan McCabe for Goalie Interference.
16:10 of 3rd period - Pierre-Marc Bouchard wins face-off versus Sydney Crosby in Kings zone.
16:11 of 3rd period - Wrist shot by Ilya Kovalchuk.
16:11 of 3rd period - Shot Misses the Net.
16:21 of 3rd period - Backhand shot by Ilya Kovalchuk.
16:21 of 3rd period - Shot Blocked by Danny Richmond.
16:23 of 3rd period - Snap shot by Pierre-Marc Bouchard.
16:23 of 3rd period - Shot Blocked by Sydney Crosby.
16:25 of 3rd period - Slapshot by Steve Montador.
16:25 of 3rd period - Deflect By Pascal Dupuis.
16:25 of 3rd period - Stopped by Mike Smith with a rebound.
18:09 of 3rd period - Penalty to Bryan McCabe is over, Bryan McCabe is back on ice.
18:18 of 3rd period - Brad Winchester is hit by Jonathan Toews and loses puck.
18:51 of 3rd period - Noah Welch is hit by Jonathan Toews and loses puck.
19:04 of 3rd period - Kings, Mike Smith is pulled from the net.
19:06 of 3rd period - Snap shot by Jarome Iginla.
19:06 of 3rd period - Stopped by Cam Ward without a rebound.
19:07 of 3rd period - Paul Maurice call a timeout for Kings.
19:07 of 3rd period - Pavel Datsyuk wins face-off versus Sydney Crosby in Oilers zone.
19:22 of 3rd period - Wrist shot by Simon Gagné.
19:22 of 3rd period - Stopped by Cam Ward with a rebound.
19:30 of 3rd period - Wrist shot by Sydney Crosby.
19:30 of 3rd period - Stopped by Cam Ward with a rebound.
19:48 of 3rd period - Slapshot by Sydney Crosby.
19:48 of 3rd period - Shot Misses the Net.
19:50 of 3rd period - Slapshot by Noah Welch.
19:50 of 3rd period - Shot Blocked by Ian White.
Output by the SimonT Hockey Simulator (STHS) for François Prévost -- Original Page W3C XHTML 1.0 Valid